 Dungeon Crawl Stone Soup version 0.22.0-13-g43fe8f24b8 (webtiles) character file.

67 IceCat the Chiller (level 3, -1/19 HPs)
             Began as a Deep Elf Ice Elementalist on Aug 16, 2018.
             Slain by Terence
             ... wielding a +0 falchion
              (4 damage)
             ... on level 3 of the Dungeon.
             The game lasted 00:06:33 (1315 turns).

IceCat the Chiller (Deep Elf Ice Elementalist)      Turns: 1315, Time: 00:06:34

Health: -1/19      AC:  2    Str:  5    XL:     3   Next: 98%
Magic:  0/10       EV: 13    Int: 20    God:
Gold:   78         SH:  0    Dex: 15    Spells: 6/9 levels left

rFire    . . .     SeeInvis .   k - +1 dagger (venom)
rCold    . . .     Gourm    .   (no shield)
rNeg     . . .     Faith    .   a - +0 robe
rPois    .         Spirit   .   (no helmet)
rElec    .         Reflect  .   (no cloak)
rCorr    .         Harm     .   (no gloves)
MR       .....                  (no boots)
Stlth    ++........             (no amulet)
HPRegen  0.06/turn              (no ring)
MPRegen  0.12/turn              (no ring)

@: no status effects
A: no striking features
a: no special abilities


You were on level 3 of the Dungeon.
You were not hungry.

You visited 1 branch of the dungeon, and saw 3 of its levels.

You collected 78 gold pieces.

Inventory:

Hand Weapons
 k - a +1 dagger of venom (weapon)
Armour
 a - a +0 robe (worn)
Scrolls
 b - 3 scrolls of fog {unknown}
 d - a scroll of noise {unknown}
 e - 2 scrolls of identify {unknown}
 i - a scroll of remove curse {unknown}
 l - a scroll of blinking {unknown}
 n - 2 scrolls of fear {unknown}
 p - 2 scrolls of immolation {unknown}
Potions
 f - a potion of agility {unknown}
 g - 2 potions of degeneration {unknown}
 h - a potion of curing {unknown}
 j - a potion of flight {unknown}
 o - a potion of invisibility {unknown}
Comestibles
 c - 6 rations
 m - 3 chunks of flesh


   Skills:
 + Level 2.5 Dodging
 + Level 2.7 Stealth
 + Level 3.8 Spellcasting
 * Level 2.1 Conjurations
 + Level 4.4 Ice Magic


You had 6 spell levels left.
You knew the following spells:

 Your Spells              Type           Power        Failure   Level  Hunger
a - Freeze                Ice            ###.         2%          1    None
b - Throw Frost           Conj/Ice       ###...       5%          2    ##.....

Your spell library contained the following spells:

 Spells                   Type           Power        Failure   Level  Hunger
 Summon Ice Beast         Ice/Summ       ##......     47%         4    ####...
 Ozocubu's Armour         Chrm/Ice       ##......     16%         3    ###....
 Throw Icicle             Conj/Ice       ###.....     34%         4    ####...


Dungeon Overview and Level Annotations

Branches:
Dungeon (3/15)

Altars:
Dithmenos
Wu Jian

Annotations:
D:3 Terence


Message History

Terence screams, "I want your blood!" Terence hits you with a falchion.
* * * LOW HITPOINT WARNING * * *
Casting: Freeze (safe; 2% risk of failure)
Confirm with . or Enter, or press ? or * to list all spells.
Aiming: Freeze (safe; 2% risk of failure)
Press: ? - help, Shift-Dir - straight line, f/p - Terence
Aim: Terence, wielding a falchion and wearing a runed scale mail (heavily wounded, fast)
You freeze Terence.
Terence resists.
Terence is heavily wounded.
Terence misses you.
Casting: Freeze (safe; 2% risk of failure)
Confirm with . or Enter, or press ? or * to list all spells.
Aiming: Freeze (safe; 2% risk of failure)
Press: ? - help, Shift-Dir - straight line, f/p - Terence
Aim: Terence, wielding a falchion and wearing a runed scale mail (heavily wounded, fast)
You freeze Terence.
Terence resists.
Terence is severely wounded.
Terence hits you with a falchion.
You die...

########### #
#.........#
....########.#######.#
.............##### #.#
##...####.#......# #.#
#.. #....###.###.# .
####..@@.....#
#####.##### #.# #.#
#.# #.# #.# #.#


You could see Terence.

Vanquished Creatures
  Robin (D:2)
  An adder (D:2)
  7 bats
  14 hobgoblins
  A quokka (D:2)
  2 ball pythons
  5 frilled lizards
  8 goblins
  A kobold (D:2)
  6 rats
46 creatures vanquished.

Notes
Turn   | Place    | Note
-------+----------+-------------------------------------------
     0 | D:1      | IceCat the Deep Elf Ice Elementalist began the quest for the Orb.
     0 | D:1      | Reached XP level 1. HP: 10/10 MP: 6/6
   147 | D:1      | Reached XP level 2. HP: 14/15 MP: 5/8
   151 | D:1      | Learned a level 2 spell: Throw Frost
   489 | D:1      | Reached skill level 4 in Ice Magic
   778 | D:2      | Found an ornate altar of the Wu Jian Council.
   802 | D:2      | Noticed Robin
   819 | D:2      | Reached XP level 3. HP: 18/19 MP: 4/9
   889 | D:2      | Found a shadowy altar of Dithmenos.
   974 | D:2      | Killed Robin
  1297 | D:3      | Noticed Terence
  1315 | D:3      | Slain by Terence

Skill      XL: |  1  2  3 |
---------------+----------+-----
Ice Magic      | 4 |  4.4
Conjurations   | 2 |  2.1
Dodging        | |  2.5
Stealth        | |  2.7
Spellcasting   | |  3.8

Action                   || total
-------------------------++-------
 Cast: Freeze            ||    42
       Throw Frost       ||    29
  Eat: Chunk             ||     2
Armor: Robe              ||     2
Dodge: Dodged            ||    26
